 Dungeon Crawl Stone Soup version 0.28-a0-1074-g3cb2360906 (webtiles) character file.

Game seed: 12496415382772040419

16368 GenialerGandalf the Cleaver (level 12, -5/107 (110) HPs)
             Began as a Hill Orc Fighter on Dec 7, 2021.
             Was a Priest of Beogh.
             Slain by a profane servitor (16 damage)
             ... on level 1 of the Abyss on Dec 9, 2021.
             The game lasted 01:42:31 (18420 turns).

GenialerGandalf the Cleaver (Hill Orc Fighter)     Turns: 18420, Time: 01:42:32

HP:   -5/107 (110)  AC: 37    Str: 24    XL:     12   Next: 36%
MP:   12/12         EV:  8    Int:  8    God:    Beogh [***...]
Gold: 719           SH:  5    Dex: 10    Spells: 11/11 levels left

rFire   + . .      SeeInvis .   B - +3 hand axe (freeze)
rCold   . . .      Faith    .   c - +0 buckler
rNeg    . . .      Spirit   .   K - +4 plate armour {rF+}
rPois   .          Reflect  .   v - +2 helmet
rElec   .          Harm     .   (no cloak)
rCorr   .          Rampage  .   y - +2 pair of gloves
Will    .....                   e - +2 pair of boots
Stlth   ..........              (no amulet)
HPRegen 0.27/turn               w - +4 ring of protection
MPRegen 0.13/turn               C - +4 ring of protection

@: wreathed by umbra, lightly drained, very slow
A: no striking features
a: Renounce Religion, Smiting


You were on level 1 of the Abyss.
You worshipped Beogh.
Beogh was most pleased with you.
You visited 2 branches of the dungeon, and saw 13 of its levels.
You visited the Abyss 1 time.
You also visited: Ossuary.

You collected 719 gold pieces.

Inventory:

Hand Weapons
 a - a +0 war axe
 l - a +3 hand axe of venom
 B - a +3 hand axe of freezing (weapon)
 J - a +5 trident of flaming
 P - a +4 quarterstaff of chaos
Armour
 c - a +0 buckler (worn)
 e - a +2 pair of boots (worn)
 v - a +2 helmet (worn)
 y - a +2 pair of gloves (worn)
 H - a +2 cloak of poison resistance
 I - a +0 tower shield
 K - a +4 plate armour of fire resistance (worn)
Jewellery
 u - a +6 ring of intelligence
 w - a +4 ring of protection (left hand)
 C - a +4 ring of protection (right hand)
 F - a ring of willpower
 M - a ring of protection from fire
 O - a ring of wizardry
Wands
 b - a wand of flame (14)
 n - a wand of iceblast (6)
 E - a wand of polymorph (2)
Scrolls
 i - 4 scrolls of noise
 m - 6 scrolls of magic mapping
 o - 3 scrolls of amnesia
 x - a scroll of torment
 A - a scroll of vulnerability
Potions
 f - 2 potions of cancellation
 g - 2 potions of curing
 j - 3 potions of brilliance
 k - a potion of haste
 p - a potion of attraction {unknown}
 q - 3 potions of flight
 r - 2 potions of mutation
 s - 2 potions of magic {unknown}
 z - a potion of degeneration {unknown}
 D - a potion of lignification {unknown}
 G - a potion of ambrosia {unknown}
 L - a potion of berserk rage {unknown}
Miscellaneous
 N - a lightning rod (3/4)


   Skills:
 + Level 11.0 Fighting
 + Level 14.8(14.9) Axes
 + Level 2.6(8.5) Polearms
 + Level 11.6 Armour
 + Level 4.1 Dodging
 + Level 1.8 Stealth
 + Level 8.5 Shields
 + Level 1.5 Evocations


You had 11 spell levels left.
You didn't know any spells.
Your spell library contained the following spells:

 Spells                   Type           Power      Damage    Failure   Level
 Foxfire                  Conj/Fire      0%         2x1d4     99%         1
 Conjure Flame            Conj/Fire      0%         6-21      100%        3
 Inner Flame              Hex/Fire       0%         N/A       100%        3
 Flame Wave               Conj/Fire      0%         2d4       100%        4
 Fulminant Prism          Conj/Hex       0%         3d6       100%        4
 Iskenderun's Mystic Bla  Conj/Tloc      0%         2d3       100%        4
 Lee's Rapid Deconstruct  Erth           0%         3d5*      100%        5


Dungeon Overview and Level Annotations

Branches:
Dungeon (12/15)            Temple (1/1) D:4            Lair (0/6) D:11
    Orc (0/2) D:10        Ossuary (visited)

Altars:
Ashenzari
Cheibriados
Dithmenos
Elyvilon
Fedhas
Gozag
Hepliaklqana
Kikubaaqudgha
Makhleb
Nemelex Xobeh
Okawaru
Qazlal
Ru
Sif Muna
Trog
Uskayaw
Vehumet
Wu Jian
Xom
Yredelemnul
Zin
The Shining One

Annotations:
D:12 Erolcha


Message History

The thrashing horror barely misses you.
The boulder beetle changes into a wolf spider!
The thrashing horror tramples you but does no damage.
The thrashing horror barely misses you.
The thrashing horror tramples you but does no damage. x4
The worldbinder hits you but does no damage. x2
Electricity crackles from the ironbound thunderhulk's apparatus.
The bolt of lightning hits you!!
* * * LOW HITPOINT WARNING * * *
You feel better.
The thrashing horror tramples you but does no damage. x3
The thrashing horror barely misses you. You block the worldbinder's attack.
The worldbinder hits you but does no damage.
The titan skeleton hits you but does no damage.
You feel better.
The thrashing horror tramples you but does no damage.
The thrashing horror completely misses you.
You block the thrashing horror's attack.
The thrashing horror tramples you but does no damage.
The worldbinder calls forth creatures from the Vaults!
You block the profane servitor's attack.
The profane servitor closely misses you.
The worldbinder completely misses you. You block the worldbinder's attack.
You enter the shallow water.
Moving in this stuff is going to be slow.
The wolf spider changes into a shining eye!
The shining eye changes into a moth of wrath!
The thrashing horror tramples you but does no damage.
You block the thrashing horror's attack.
The profane servitor hits you with a +3 whip of freezing.
* * * LOW HITPOINT WARNING * * *
The profane servitor draws strength from your injuries!
The profane servitor freezes you.
* * * LOW HITPOINT WARNING * * *
The profane servitor closely misses you.
The worldbinder hits you but does no damage. x2
The large abomination hits you but does no damage.
The thrashing horror tramples you but does no damage. x2
The profane servitor hits you with a +3 whip of freezing!
You die...

..#.... #.. #.
##....##.# ##
.≈##.......### #.#
.≈≈.#...X .#.## .#.
# .≈♣≈...5.. .X#..
.##.. #≈≈≈≈.Xy##
##...##.#. .
#≈≈≈≈≈.X######...5#
.#. #≈≈≈≈≈AXxZ.#
#.###. .#.
#≈≈≈≈X≈@O..#....
#.. ..
.≈≈≈≈≈≈X≈p#.#.#
.##A. . ##≈≈≈≈≈≈≈≈#
.. ## x#.
..#≈≈♣≈≈≈≈≈.##.
#..# ##.##≈≈≈≈≈≈≈.
#... ## ..≈≈≈≈≈≈≈#
.# .##♣≈≈≈≈≈≈# ##.
.. ♣≈≈≈≈≈≈


You could see a profane servitor, an ironbound thunderhulk (summoned), a vault
sentinel (summoned), a moth of wrath shaped shifter, 3 thrashing horrors, 3
large abominations, a worldbinder, an ufetubus and a titan skeleton.

Vanquished Creatures
  A hydra (D:11)
  A centaur warrior (D:12)
  A tengu warrior (D:11)
  2 two-headed ogres (D:10)
  Pikel (D:5)
  A cyclops (D:12)
  A moth of wrath (D:11)
  Maurice (D:8)
  A water nymph (D:11)
  A gargoyle (D:12)
  Maggie (D:8)
  A tengu conjurer (D:11)
  2 unseen horrors
  A komodo dragon (D:11)
  2 trolls
  6 slime creatures (D:12)
  3 yaks (D:11)
  A wraith (D:12)
  A wyvern (D:7)
  Grum (D:8)
  A steam dragon (D:9)
  3 vampire mosquitoes
  Menkaure (D:5)
  An acid dragon (D:10)
  Edmund (D:6)
  2 water moccasins
  3 ice beasts
  A hornet zombie (D:7)
  2 black bears
  A sky beast (D:8)
  3 ogres
  An orc warrior (D:9)
  4 centaurs
  4 wolves (D:8)
  4 lemures
  3 kobold brigands
  5 bullfrogs
  15 scorpions
  A wyvern zombie (D:8)
  A gnoll sergeant (D:9)
  2 water moccasin skeletons
  A wyvern skeleton (D:6)
  9 killer bees
  7 wights (D:7)
  2 electric eels (D:7)
  3 howler monkeys
  4 jellies
  4 centaur zombies
  8 orc priests
  4 gnoll shamans
  5 hounds
  A human zombie (Ossuary)
  Crazy Yiuf (D:4)
  A centaur skeleton (D:7)
  3 iguanas
  10 orc wizards
  7 scorpion zombies
  3 killer bee zombies
  3 mummies (Ossuary)
  Robin (D:4)
  19 gnolls
  A howler monkey skeleton (D:6)
  3 adders
  A white imp (D:5)
  An adder skeleton (D:4)
  A worm (D:2)
  2 dart slugs
  18 orcs
  3 endoplasms
  4 giant cockroaches
  16 goblins
  9 hobgoblins
  4 jackals (D:2)
  15 kobolds
  6 quokkas
  4 ball pythons
  2 bats
  2 frilled lizards
  A gnoll zombie (Ossuary)
  A hobgoblin zombie (Ossuary)
  4 kobold zombies (Ossuary)
  2 orc zombies (Ossuary)
  9 rats
294 creatures vanquished.

Vanquished Creatures (others)
  A quokka (D:12)
  46 plants
47 creatures vanquished.

Grand Total: 341 creatures vanquished

Notes
Turn   | Place    | Note
-------+----------+-------------------------------------------
     0 | D:1      | GenialerGandalf the Hill Orc Fighter began the quest for
                  | the Orb.
     0 | D:1      | Reached XP level 1. HP: 19/19 MP: 1/1
   138 | D:1      | Reached XP level 2. HP: 21/27 MP: 2/2
   234 | D:1      | Found a faded altar of an unknown god.
   422 | D:1      | Reached skill level 3 in Axes
  1346 | D:2      | Found a bloodstained altar of Trog.
  1364 | D:2      | Reached XP level 3. HP: 26/33 MP: 3/3
  2221 | D:3      | Reached XP level 4. HP: 40/40 MP: 4/4
  2368 | D:3      | Reached skill level 4 in Axes
  3153 | D:4      | Identified the +0 helmet of Duck's Teeth {rPois}
  3153 | D:4      | Noticed Robin
  3161 | D:4      | Reached XP level 5. HP: 34/47 MP: 5/5
  3167 | D:4      | Noticed an ogre
  3192 | D:4      | Found a sand-covered staircase.
  3200 | Ossuary  | Entered an ossuary
  3416 | Ossuary  | Reached skill level 5 in Axes
  3834 | Ossuary  | Reached XP level 6. HP: 37/53 MP: 6/6
  4219 | Ossuary  | Reached skill level 6 in Axes
  4219 | Ossuary  | Reached skill level 5 in Armour
  4219 | Ossuary  | Reached skill level 1 in Dodging
  4260 | Ossuary  | Reached XP level 7. HP: 23/60 MP: 7/7
  4517 | Ossuary  | Reached skill level 5 in Fighting
  4663 | Ossuary  | Reached skill level 7 in Axes
  5174 | Ossuary  | Reached XP level 8. HP: 21/70 MP: 8/8
  5655 | Ossuary  | Reached skill level 8 in Axes
  6051 | D:4      | Found a runed translucent door.
  6052 | D:4      | Noticed Crazy Yiuf
  6077 | D:4      | Killed Robin
  6125 | D:4      | Upgraded the game from 0.28-a0-1032-ga8db75c868 to
                  | 0.28-a0-1038-g9c4cb8273d
  6720 | D:4      | Found a staircase to the Ecumenical Temple.
  6748 | Temple   | Entered the Ecumenical Temple
  7255 | D:5      | Entered Level 5 of the Dungeon
  7275 | D:5      | Noticed Pikel
  7442 | D:5      | Killed Pikel
  7443 | D:5      | Reached skill level 9 in Axes
  7443 | D:5      | Reached skill level 1 in Stealth
  7443 | D:5      | Reached skill level 5 in Shields
  7443 | D:5      | Reached XP level 9. HP: 61/79 MP: 9/9
  7487 | D:5      | Noticed Menkaure
  7526 | D:5      | Killed Menkaure
  7540 | D:5      | Reached skill level 10 in Axes
  8252 | D:5      | You fall into a shaft and drop 1 floor!
  8315 | D:6      | Reached skill level 11 in Axes
  8435 | D:6      | Noticed Edmund
  8453 | D:6      | Killed Edmund
  8621 | D:6      | Reached XP level 10. HP: 83/88 MP: 10/10
  8692 | D:6      | Became a worshipper of Beogh the Brigand
  9233 | D:7      | Reached skill level 12 in Axes
  9369 | D:7      | Found a hide-covered altar of Uskayaw.
 10350 | D:7      | Found a white marble altar of Elyvilon.
 10451 | D:7      | Found a glowing golden altar of the Shining One.
 10935 | D:8      | Noticed Grum
 10957 | D:8      | Killed Grum
 11326 | D:8      | Reached skill level 13 in Axes
 11326 | D:8      | Reached * piety under Beogh
 11468 | D:8      | Noticed Maurice
 11480 | D:8      | Killed Maurice
 11654 | D:8      | Noticed Maggie
 11692 | D:8      | Killed Maggie
 12393 | D:9      | Reached XP level 11. HP: 97/97 MP: 11/11
 12558 | D:9      | Reached ** piety under Beogh
 13225 | D:10     | Entered Level 10 of the Dungeon
 13229 | D:10     | Found a staircase to the Orcish Mines.
 13280 | D:10     | Noticed a two-headed ogre
 13291 | D:10     | Killed a two-headed ogre
 13549 | D:10     | Reached skill level 14 in Axes
 13741 | D:10     | Noticed a two-headed ogre
 13753 | D:10     | Killed a two-headed ogre
 13754 | D:10     | Reached skill level 10 in Fighting
 13898 | D:10     | Found a blossoming altar of Fedhas.
 14308 | D:11     | Found a gate leading to a gauntlet.
 14329 | D:11     | Noticed a seven-headed hydra
 14348 | D:11     | Reached skill level 10 in Armour
 14368 | D:11     | Found a staircase to the Lair.
 14370 | D:11     | Noticed a cyclops
 14760 | D:11     | Noticed a centaur warrior
 14789 | D:12     | Killed a centaur warrior
 15058 | D:11     | a cyclops changed into a water nymph
 16426 | D:11     | Noticed an eight-headed hydra
 16446 | D:11     | Upgraded the game from 0.28-a0-1038-g9c4cb8273d to
                  | 0.28-a0-1074-g3cb2360906
 16512 | D:11     | Killed an eight-headed hydra
 16927 | D:11     | Noticed a manticore
 16930 | D:11     | Noticed a moth of wrath
 16930 | D:11     | a manticore changed into a moth of wrath
 16942 | D:11     | Killed a moth of wrath
 16943 | D:11     | Reached XP level 12. HP: 108/108 MP: 12/12
 17007 | D:11     | Noticed a tengu warrior
 17034 | D:11     | Killed a tengu warrior
 17429 | D:12     | Noticed a two-headed ogre
 17687 | D:4      | Killed Crazy Yiuf
 17903 | D:12     | Reached skill level 1 in Evocations
 17959 | D:12     | Reached *** piety under Beogh
 17960 | D:12     | Reached skill level 1 in Polearms
 18174 | D:12     | Found a white marble altar of Elyvilon.
 18234 | D:12     | Noticed Erolcha
 18247 | D:12     | Cast into level 1 of the Abyss (Erolcha)
 18251 | Abyss:1  | Noticed a profane servitor
 18285 | Abyss:1  | Noticed a thrashing horror
 18299 | Abyss:1  | Noticed a starcursed mass
 18337 | Abyss:1  | Noticed a starcursed mass
 18338 | Abyss:1  | Noticed a thrashing horror
 18380 | Abyss:1  | HP: 5/107 [profane servitor (2)]
 18409 | Abyss:1  | Noticed a four-headed hydra
 18413 | Abyss:1  | Noticed a thrashing horror
 18416 | Abyss:1  | Noticed a boulder beetle
 18416 | Abyss:1  | a four-headed hydra changed into a boulder beetle
 18417 | Abyss:1  | Noticed an ironbound thunderhulk
 18417 | Abyss:1  | a boulder beetle changed into a wolf spider
 18417 | Abyss:1  | HP: 2/107 [ironbound thunderhulk/bolt of lightning[a
                  | worldbinder] (30)]
 18420 | Abyss:1  | Slain by a profane servitor

Illustrated notes

Levels and vault maps discovered:
D:1:      dpeg_arrival_pond, layout_loops_ring, chequers_ecumenical_altar_grove,
          kennysheep_minor_cross, corexii_corridor_pit,
          chequers_serial_rivers_large_a
D:2:      layout_basic, basic_altar
D:3:      layout_loops_corners, palyth_stone_intersect
D:4:      layout_cave_pools, temple_statues,
          lightli_ossuary_entry_decrepit_ruins, uniq_robin,
          uniq_crazy_yiuf_cottage
D:5:      layout_rooms, uniq_pikel, uniq_menkaure
D:6:      layout_rooms, minmay_misc_feat_plants, uniq_edmund
D:7:      layout_basic, tso_altar, nicolae_overflow_squiral, nrook_mini_vaults,
          minmay_starry_boxes
D:8:      layout_loops_cross, uniq_grum, uniq_maggie, uniq_maurice
D:9:      layout_long_grid
D:10:     layout_irregular_city, fedhas_altar_1, orc_0_dummy
D:11:     layout_grid_maze, david_lair_shrubbed, gauntlet_entry_generic
D:12:     layout_loops_ring, elyvilon_altar_4, uniq_erolcha
Temple:   compressed_dpeg_circular_temple
Abyss:1:  base: D:10, hangedman_eye_storm

Skill      XL: |  1  2  3  4  5  6  7  8  9 10 11 12 |
---------------+-------------------------------------+-----
Fighting       | 4 5 7 9 10 11 | 11.0
Axes           | 3 4 5 6 7 9 11 13 14 | 14.8
Armour         | 4 5 7 8 9 11 | 11.6
Dodging        | 1 2 3 4 |  4.1
Shields        | 4 5 6 8 |  8.5
Stealth        | 1 |  1.8
Evocations     | 1 |  1.5
Polearms       | 2 |  2.6

Action                   |  1- 3 |  4- 6 |  7- 9 | 10-12 || total
-------------------------+-------+-------+-------+-------++-------
Melee: War axe           |    99 |    10 |       |       ||   109
       Hand axe          |       |   135 |   393 |   700 ||  1228
       Trident           |       |       |       |    46 ||    46
Invok: Convert to Beogh  |       |       |       |     1 ||     1
Evoke: Wand              |       |       |       |     8 ||     8
       Lightning rod     |       |       |       |     1 ||     1
  Use: Scroll            |     2 |     2 |    13 |    16 ||    33
       Potion            |     1 |       |     3 |    12 ||    16
Armor: Scale mail        |    67 |    57 |   161 |    68 ||   353
       Chain mail        |       |       |       |    52 ||    52
       Plate armour      |       |       |       |   667 ||   667
Dodge: Dodged            |    77 |    74 |   170 |   381 ||   702
Block: Buckler           |    38 |    28 |    82 |   236 ||   384

Table legend: (Time is in decaauts)
 A = Elapsed time spent in this place.
 B = Non-inter-level travel time spent in this place.
 C = Inter-level travel time spent in this place.
 D = Time resting spent in this place.
 E = Time spent auto-exploring this place.
 F = Levels seen in this place.
 G = Mean time per level.
                   A        B        C        D        E       F      G
               +--------+--------+--------+--------+--------+-----+--------+
         Total |  18155 |  16935 |   1220 |   4237 |   3780 |  15 | 1210.3 |
       Dungeon |  14955 |  13735 |   1220 |   2584 |   3502 |  12 | 1246.2 |
        Temple |    231 |    231 |      0 |      0 |      0 |   1 |  231.0 |
         Abyss |    151 |    151 |      0 |      0 |      0 |   1 |  151.0 |
       Ossuary |   2815 |   2815 |      0 |   1653 |    278 |   1 | 2815.0 |
               +--------+--------+--------+--------+--------+-----+--------+

Top non-repeatable levels by time:
 Ossuary: 2815 daAuts
    D:11: 2662 daAuts
     D:7: 1852 daAuts
     D:1: 1357 daAuts
    D:10: 1334 daAuts
     D:4: 1303 daAuts
     D:9: 1137 daAuts
     D:8: 1117 daAuts
     D:3: 1000 daAuts
     D:5: 903 daAuts
     D:2: 843 daAuts
     D:6: 787 daAuts
    D:12: 654 daAuts
  Temple: 231 daAuts
 Abyss:1: 151 daAuts
